[ AOE2 MATCH · #508382208 ]
UnrankedMongols vs Aztecs
Player's team · WIN
Rival team · LOSS
[ REPLAY ANALYSIS · EXTRACTED FROM THE RECORDED GAME ]
Feudal
8:37
Castle
24:03
Imperial
—
| APM avg | 38.8 |
| APM peak | 74 |
| eAPM avg | 19.9 |
| Villagers / military | 45 / 32 |
Focus
⚔️ 36.0% · 🌾 64.0%
Archer ×25 · Militia ×5 · Mangonel ×2
Feudal
17:18
Castle
—
Imperial
—
| APM avg | 38.0 |
| APM peak | 70 |
| eAPM avg | 18.2 |
| Villagers / military | 60 / 5 |
Focus
⚔️ 23.0% · 🌾 77.0%
Militia ×5
Match map
Initial resources + every placement click. Lines = walls · curves = elevation contours. ◆ gold · ⬟ stone · ● berries · ✦ relic · ◌ wall gap
Your base· ✓ Closed at 24:03 · 27t walls · no gate
RikkyOlaque's base· Open — unwalled flank
Smoothed initial terrain · ◌ = detected wall gap · hover for details
Inputs per minute
— likeOrange - - RikkyOlaque
Build order — likeOrange
First 150 of 152 actions detected
| 0:01 | Queue | Villager (Male) |
| 0:01 | Queue | Villager (Male) |
| 0:01 | Queue | Villager (Male) |
| 0:02 | Queue | Villager (Male) |
| 0:03 | Build | House |
| 0:05 | Build | House |
| 1:39 | Queue | Villager (Male) |
| 1:50 | Build | Lumber Camp |
| 2:00 | Queue | Villager (Male) |
| 2:01 | Queue | Villager (Male) |
| 2:11 | Build | House |
| 2:59 | Queue | Villager (Male) |
| 2:59 | Queue | Villager (Male) |
| 3:00 | Queue | Villager (Male) |
| 3:42 | Queue | Villager (Male) |
| 3:53 | Queue | Villager (Male) |
| 4:16 | Queue | Villager (Male) |
| 5:01 | Build | Barracks |
| 5:05 | Queue | Villager (Male) |
| 5:21 | Research | Loom |
| 5:54 | Build | House |
| 6:27 | Research | Feudal Age |
| 6:47 | Build | House |
| 6:49 | Build | Palisade Wall |
| 7:11 | Queue | Militia |
| 7:15 | Queue | Militia |
| 7:42 | Build | Mill |
| 7:50 | Queue | Militia |
| 8:02 | Build | Palisade Wall |
| 8:37 | Age | Feudal Age |
| 8:38 | Research | Man-at-Arms (upgrade) |
| 8:44 | Build | Mill |
| 9:07 | Research | Double-Bit Axe |
| 9:07 | Research | Double-Bit Axe |
| 9:22 | Queue | Villager (Male) |
| 9:23 | Queue | Villager (Male) |
| 9:39 | Queue | Villager (Male) |
| 10:21 | Queue | Villager (Male) |
| 10:21 | Queue | Villager (Male) |
| 11:30 | Queue | Villager (Male) |
| 11:33 | Build | Archery Range |
| 11:45 | Queue | Villager (Male) |
| 11:49 | Build | Farm |
| 11:52 | Queue | Villager (Male) |
| 11:55 | Build | Mining Camp |
| 12:12 | Queue | Villager (Male) |
| 12:31 | Build | Farm |
| 12:43 | Queue | Archer |
| 12:45 | Build | House |
| 12:58 | Queue | Archer |
| 13:01 | Queue | Villager (Male) |
| 13:09 | Queue | Villager (Male) |
| 13:19 | Queue | Archer |
| 13:26 | Build | Palisade Wall |
| 13:30 | Queue | Archer |
| 13:47 | Build | House |
| 13:53 | Queue | Archer |
| 13:58 | Queue | Villager (Male) |
| 14:03 | Queue | Archer |
| 14:13 | Queue | Villager (Male) |
| 14:15 | Queue | Archer |
| 14:27 | Build | Blacksmith |
| 14:57 | Queue | Villager (Male) |
| 15:00 | Build | Farm |
| 15:01 | Build | Farm |
| 15:19 | Queue | Villager (Male) |
| 15:21 | Build | House |
| 15:23 | Research | Fletching |
| 15:24 | Queue | Archer |
| 15:24 | Queue | Archer |
| 15:43 | Queue | Villager (Male) |
| 15:49 | Build | Market |
| 16:03 | Build | Farm |
| 16:03 | Queue | Villager (Male) |
| 16:27 | Queue | Villager (Male) |
| 16:29 | Build | Farm |
| 16:32 | Queue | Archer |
| 16:40 | Queue | Villager (Male) |
| 16:43 | Build | Farm |
| 16:50 | Queue | Villager (Male) |
| 16:51 | Build | House |
| 16:54 | Build | Farm |
| 16:59 | Queue | Archer |
| 17:08 | Build | Farm |
| 17:15 | Build | House |
| 17:29 | Queue | Villager (Male) |
| 17:33 | Build | House |
| 17:41 | Build | House |
| 17:53 | Queue | Villager (Male) |
| 17:56 | Build | House |
| 18:08 | Build | Farm |
| 18:16 | Queue | Militia |
| 18:17 | Queue | Militia |
| 18:20 | Queue | Villager (Male) |
| 18:25 | Build | Farm |
| 18:26 | Build | Farm |
| 18:29 | Build | Farm |
| 18:34 | Build | Farm |
| 18:58 | Research | Padded Archer Armor |
| 18:59 | Queue | Villager (Male) |
| 19:00 | Build | Farm |
| 19:18 | Queue | Villager (Male) |
| 19:20 | Build | House |
| 19:22 | Build | Palisade Wall |
| 19:32 | Research | Wheelbarrow |
| 19:42 | Build | Lumber Camp |
| 19:50 | Build | Farm |
| 19:53 | Queue | Archer |
| 20:13 | Build | Farm |
| 20:52 | Build | House |
| 20:53 | Build | House |
| 21:00 | Queue | Archer |
| 21:23 | Research | Castle Age |
| 21:25 | Queue | Archer |
| 21:25 | Queue | Archer |
| 21:35 | Research | Gold Mining |
| 21:42 | Build | House |
| 21:54 | Research | Forging |
| 21:54 | Research | Forging |
| 22:25 | Build | House |
| 22:27 | Build | House |
| 22:34 | Queue | Archer |
| 22:34 | Queue | Archer |
| 22:42 | Research | Horse Collar |
| 22:42 | Research | Horse Collar |
| 23:11 | Queue | Archer |
| 23:11 | Queue | Archer |
| 23:16 | Build | Lumber Camp |
| 23:31 | Build | Lumber Camp |
| 23:38 | Queue | Archer |
| 23:46 | Build | Farm |
| 24:03 | Age | Castle Age |
| 24:07 | Research | Bow Saw |
| 24:08 | Research | Crossbowman (upgrade) |
| 24:09 | Research | Bodkin Arrow |
| 24:10 | Queue | Villager (Male) |
| 24:11 | Queue | Villager (Male) |
| 24:35 | Research | Leather Archer Armor |
| 24:37 | Queue | Villager (Male) |
| 24:41 | Build | Siege Workshop |
| 24:43 | Queue | Villager (Male) |
| 24:59 | Queue | Villager (Male) |
| 25:05 | Queue | Mangonel |
| 25:20 | Queue | Archer |
| 25:20 | Queue | Archer |
| 25:47 | Build | House |
| 25:48 | Build | House |
| 26:05 | Queue | Archer |
| 26:12 | Queue | Mangonel |
| 26:24 | Queue | Villager (Male) |
Build order — RikkyOlaque
110 actions detected in the replay
| 0:01 | Queue | Villager (Male) |
| 0:01 | Queue | Villager (Male) |
| 0:02 | Queue | Villager (Male) |
| 0:06 | Build | House |
| 0:07 | Build | House |
| 0:18 | Queue | Villager (Male) |
| 0:19 | Queue | Villager (Male) |
| 1:24 | Queue | Villager (Male) |
| 2:10 | Queue | Villager (Male) |
| 2:12 | Build | Lumber Camp |
| 2:13 | Queue | Villager (Male) |
| 2:14 | Queue | Villager (Male) |
| 2:58 | Queue | Villager (Male) |
| 2:58 | Queue | Villager (Male) |
| 3:17 | Queue | Villager (Male) |
| 3:17 | Queue | Villager (Male) |
| 3:44 | Build | House |
| 3:48 | Queue | Villager (Male) |
| 3:49 | Queue | Villager (Male) |
| 3:51 | Queue | Villager (Male) |
| 3:51 | Queue | Villager (Male) |
| 4:38 | Queue | Villager (Male) |
| 4:38 | Queue | Villager (Male) |
| 5:10 | Queue | Villager (Male) |
| 5:10 | Queue | Villager (Male) |
| 5:10 | Queue | Villager (Male) |
| 5:11 | Queue | Villager (Male) |
| 5:18 | Build | House |
| 5:39 | Build | Mill |
| 6:34 | Queue | Villager (Male) |
| 6:34 | Queue | Villager (Male) |
| 6:39 | Build | Palisade Wall |
| 6:40 | Queue | Villager (Male) |
| 6:49 | Build | Barracks |
| 6:58 | Build | Palisade Wall |
| 6:59 | Build | Palisade Wall |
| 7:24 | Build | Palisade Wall |
| 7:28 | Queue | Villager (Male) |
| 7:28 | Queue | Villager (Male) |
| 7:54 | Build | House |
| 7:55 | Queue | Militia |
| 8:01 | Queue | Militia |
| 8:02 | Queue | Militia |
| 8:02 | Queue | Militia |
| 8:24 | Build | House |
| 8:27 | Research | Loom |
| 8:54 | Build | Palisade Wall |
| 9:00 | Queue | Militia |
| 9:09 | Queue | Villager (Male) |
| 9:20 | Build | Mining Camp |
| 9:23 | Queue | Villager (Male) |
| 9:34 | Queue | Villager (Male) |
| 9:55 | Build | House |
| 10:14 | Build | Farm |
| 10:34 | Queue | Villager (Male) |
| 10:39 | Build | Farm |
| 10:49 | Build | Farm |
| 11:10 | Build | Farm |
| 11:55 | Queue | Villager (Male) |
| 12:12 | Queue | Villager (Male) |
| 12:51 | Queue | Villager (Male) |
| 13:03 | Build | Farm |
| 13:58 | Build | Lumber Camp |
| 14:04 | Build | Farm |
| 15:08 | Research | Feudal Age |
| 16:31 | Build | Lumber Camp |
| 17:08 | Build | Mining Camp |
| 17:18 | Age | Feudal Age |
| 17:21 | Build | Watch Tower |
| 17:23 | Queue | Villager (Male) |
| 17:37 | Queue | Villager (Male) |
| 18:07 | Queue | Villager (Male) |
| 18:28 | Build | Watch Tower |
| 18:41 | Queue | Villager (Male) |
| 18:44 | Build | Farm |
| 18:45 | Build | Farm |
| 19:13 | Build | Mining Camp |
| 19:21 | Queue | Villager (Male) |
| 19:24 | Build | Mill |
| 19:47 | Queue | Villager (Male) |
| 19:53 | Build | Watch Tower |
| 19:57 | Queue | Villager (Male) |
| 20:16 | Queue | Villager (Male) |
| 20:56 | Build | Lumber Camp |
| 20:59 | Queue | Villager (Male) |
| 21:08 | Queue | Villager (Male) |
| 21:21 | Queue | Villager (Male) |
| 21:29 | Queue | Villager (Male) |
| 21:37 | Build | Mining Camp |
| 21:40 | Queue | Villager (Male) |
| 21:59 | Queue | Villager (Male) |
| 22:10 | Queue | Villager (Male) |
| 22:12 | Queue | Villager (Male) |
| 22:23 | Build | Watch Tower |
| 22:36 | Queue | Villager (Male) |
| 22:47 | Research | Double-Bit Axe |
| 23:06 | Queue | Villager (Male) |
| 23:10 | Build | House |
| 23:21 | Build | House |
| 23:33 | Queue | Villager (Male) |
| 23:35 | Queue | Villager (Male) |
| 23:46 | Queue | Villager (Male) |
| 23:57 | Build | House |
| 24:27 | Queue | Villager (Male) |
| 24:34 | Build | Mining Camp |
| 24:37 | Queue | Villager (Male) |
| 24:59 | Queue | Villager (Male) |
| 25:14 | Build | Market |
| 25:15 | Queue | Villager (Male) |
| 25:45 | Build | Watch Tower |
Match timeline
| 5:01 | likeOrange · first_building Barracks |
| 6:39 | RikkyOlaque · wall_segment Palisade Wall x1 |
| 6:49 | likeOrange · wall_segment Palisade Wall x5 |
| 6:49 | RikkyOlaque · first_building Barracks |
| 6:58 | RikkyOlaque · wall_segment Palisade Wall x1 |
| 6:59 | RikkyOlaque · wall_segment Palisade Wall x1 |
| 7:24 | RikkyOlaque · wall_segment Palisade Wall x1 |
| 8:02 | likeOrange · wall_segment Palisade Wall x6 |
| 8:37 | likeOrange · age_up feudal |
| 8:54 | RikkyOlaque · wall_segment Palisade Wall x1 |
| 11:33 | likeOrange · first_building Archery Range |
| 13:26 | likeOrange · wall_segment Palisade Wall x5 |
| 17:18 | RikkyOlaque · age_up feudal |
| 19:22 | likeOrange · wall_segment Palisade Wall x11 |
| 21:15 | likeOrange · first_market_buy 100 food |
| 24:03 | likeOrange · age_up castle |
| 24:41 | likeOrange · first_building Siege Workshop |
| 26:05 | RikkyOlaque · first_market_buy 100 stone |
| 26:36 | RikkyOlaque · resign |
[ AI ANALYSIS · 1 CREDIT ]
What really happened in this match?
Wolo.gg analyzes every decision: build order, eco, micro, common mistakes by bracket. Personalized analysis on WhatsApp or Discord in 30 seconds.
Civ guide
Mongols
Perfil
likeOrange